[Event "XIII Termo-Eko cup 2018"]
[Site "Riga"]
[Date "2018.12.26"]
[Round "9"]
[White "Starostits, Ilmars"]
[Black "Bernotas, Arturs"]
[Result "0-1"]
[ECO "A46"]
[WhiteElo "2458"]
[BlackElo "2403"]
[Annotator "ChessBase"]
[PlyCount "76"]
[EventDate "2018.12.21"]
[EventType "swiss"]
[EventCountry "LAT"]
[SourceTitle "playchess.com"]
[Source "ChessBase"]
[SourceQuality "1"]
[TimeControl "5400+30"]

1. d4 Nf6 2. Nf3 e6 3. Bf4 c5 4. e3 Nc6 5. Nbd2 d5 6. c3 Bd6 7. Bg3 O-O 8. Bd3 b6 9. e4 Be7 10. e5 Nh5 11. a3 g6 12. b4 f5 13. exf6 Bxf6 14. b5 cxd4 15. bxc6 dxc3 16. Nb3 Nxg3 17. hxg3 e5 18. c7 Qd7 19. Bc2 Bb7 20. Nh2 d4 21. f3 e4 22. fxe4 Be5 23. Nf3 Bxg3+ 24. Kf1 Qxc7 25. Nbxd4 Rad8 26. Rh3 Be5 27. Ke1 Rxd4 28. Qe2 Rd2 29. Bb3+ Kh8 30. Qb5 Bg3+ 31. Kf1 Bxe4 32. Kg1 Bxf3 33. gxf3 Qe5 34. Qxe5+ Bxe5 35. Rc1 Kg7 36. Kf1 Rb2 37. Bd5 Rd8 38. Be4 Bf4 0-1

[Event "XIII Termo-Eko cup 2018"]
[Site "Riga"]
[Date "2018.12.26"]
[Round "9"]
[White "Seeman, Tarvo"]
[Black "Berzinsh, Roland"]
[Result "1/2-1/2"]
[ECO "A30"]
[WhiteElo "2394"]
[BlackElo "2409"]
[Annotator "NA"]
[PlyCount "76"]
[EventDate "2018.12.21"]
[EventType "swiss"]
[EventCountry "LAT"]
[SourceTitle "playchess.com"]
[Source "ChessBase"]
[SourceQuality "1"]
[TimeControl "5400+30"]

1. Nf3 c5 2. c4 Nf6 3. g3 b6 4. Bg2 Bb7 5. O-O e6 6. Nc3 Be7 7. b3 O-O 8. Bb2 d5 9. e3 Qc8 {[%emt 0:02:18] A14: English Opening: 1...e6 with b3 by White} 10. Rc1 Rd8 11. cxd5 Nxd5 {[%emt 0:00:07] LiveBook: 4 Games} 12. d4 (12. Nxd5 Bxd5 13. d4 a5 14. dxc5 bxc5 15. Nh4 Bxg2 16. Qg4 Bf8 17. Nxg2 {½-½ (64) Artemiev,V (2706)-Kramnik,V (2779) Douglas 2018}) 12... Nxc3 13. Bxc3 Be4 {[%emt 0:00:30] [#]} 14. Nh4 $146 ({Predecessor:} 14. Ne5 Bxg2 15. Kxg2 Qb7+ 16. Qf3 Qxf3+ 17. Nxf3 {½-½ (32) Robson,R (2663)-Shankland,S (2656) Saint Louis 2016}) 14... Bxg2 15. Nxg2 Nd7 16. Qf3 Qa6 17. dxc5 Nxc5 18. Nf4 g6 19. Rc2 Qb7 20. Qxb7 Nxb7 21. Bb2 Nc5 22. h4 a5 23. Kg2 f6 24. Bd4 Kf7 25. Rb1 Rd7 26. Ne2 Nd3 27. Bxb6 Nb4 28. Rc7 Rxc7 29. Bxc7 Ra7 30. Rc1 e5 31. e4 Nxa2 32. Rc4 Ke6 33. f4 Kd7 34. Bb6 Ra6 35. Rc7+ Kd6 36. fxe5+ fxe5 37. Rb7 $11 h5 38. Kf3 Ke6 1/2-1/2

[Event "XIII Termo-Eko cup 2018"]
[Site "Riga"]
[Date "2018.12.26"]
[Round "9"]
[White "Krykun, Yuriy"]
[Black "Meshkovs, Nikita"]
[Result "0-1"]
[ECO "A13"]
[WhiteElo "2323"]
[BlackElo "2542"]
[Annotator "RC"]
[PlyCount "72"]
[EventDate "2018.12.21"]
[EventType "swiss"]
[EventCountry "LAT"]
[SourceTitle "playchess.com"]
[Source "ChessBase"]
[SourceQuality "1"]
[TimeControl "5400+30"]

1. Nf3 Nf6 2. c4 e6 3. g3 d5 4. Bg2 dxc4 5. Qa4+ Bd7 6. Qxc4 c5 7. Ne5 Qc8 8. Qd3 Nc6 9. Nxd7 Nxd7 10. Qb5 a6 11. Qa4 Nd4 12. Qd1 Be7 13. Nc3 O-O 14. O-O Rd8 15. b3 Ra7 16. Bb2 b5 17. Rc1 Rc7 18. e3 Nc6 19. Qe2 Bf6 20. d3 Nb6 21. Rfd1 h6 22. h4 Rdd7 23. a4 b4 24. Ne4 Bxb2 25. Qxb2 Na5 26. d4 cxd4 27. Rxc7 Rxc7 28. Qxd4 Rd7 29. Nd6 Qd8 30. Qxb4 Nc8 31. Qb8 Nxd6 32. Qxd8+ Rxd8 33. b4 Nac4 34. Bf1 Rb8 35. e4 e5 36. f4 f6 0-1

[Event "XIII Termo-Eko cup 2018"]
[Site "Riga"]
[Date "2018.12.26"]
[Round "9"]
[White "Bekasovs, Rihards"]
[Black "Tihonov, Jurij"]
[Result "1/2-1/2"]
[ECO "A04"]
[WhiteElo "2206"]
[BlackElo "2399"]
[Annotator "NA"]
[PlyCount "66"]
[EventDate "2018.12.21"]
[EventType "swiss"]
[EventCountry "LAT"]
[SourceTitle "playchess.com"]
[Source "ChessBase"]
[SourceQuality "1"]
[TimeControl "5400+30"]

1. Nf3 d6 2. d4 Nf6 3. g3 g6 4. Bg2 Bg7 5. O-O O-O 6. b3 e5 7. dxe5 dxe5 8. Ba3 Qxd1 {[%emt 0:04:57] A49: 1 d4 Nf6 2 Nf3 g6 3 g3: Anti-King's Indian systems} 9. Rxd1 Re8 {[%emt 0:00:07] LiveBook: 48 Games} 10. Nc3 Na6 11. Rac1 $146 ({Predecessor:} 11. Nd2 Rb8 12. Nb5 Bg4 13. f3 Bd7 14. c4 c6 15. Nd6 Red8 16. N2e4 Nxe4 17. Nxe4 {1-0 (82) Cordova,E (2655)-Sevian,S (2587) Saint Louis 2017}) 11... e4 12. Nd4 c6 13. e3 Bg4 14. Rd2 Rad8 15. h3 Bc8 16. Rcd1 h5 17. Nde2 Rxd2 18. Rxd2 Bf8 19. Bxf8 Kxf8 20. a3 Nc7 21. Kf1 Bf5 22. Ke1 Ke7 23. Nd4 c5 (23... Ne6 $11) 24. Ndb5 ({White should try} 24. Nxf5+ $16 gxf5 25. f3) 24... Nxb5 25. Nxb5 a6 26. Nd6 Rb8 27. Nxf5+ gxf5 28. h4 b5 29. Bf1 a5 30. c4 b4 31. a4 $11 Ke6 32. Be2 Rg8 33. Rd1 Ke5 1/2-1/2